 Dungeon Crawl Stone Soup version 0.31.0-11-ge490571c62 (webtiles) character file.

Game seed: 6861294507261855268

5183 Arctor the Thaumaturge (level 10, -1/7 HPs)
             Began as a Deep Elf Fire Elementalist on Feb 7, 2024.
             Was a Believer of Sif Muna.
             Slain by an unseen horror (3 damage)
             ... on level 9 of the Dungeon.
             The game lasted 00:16:13 (11245 turns).

Arctor the Thaumaturge (DEFE)                      Turns: 11245, Time: 00:16:13

Health: -1/7       AC:  4    Str: 15    XL:     10   Next: 34%
Magic:  24/25      EV: 11    Int: 29    God:    Sif Muna [**....]
Gold:   333        SH:  0    Dex: 15    Spells: 9/27 levels left

rFire   + + .        u - melded staff of fire
rCold   x . .        f - melded +1 buckler
rNeg    . . .        g - melded +1 robe {rF+}
rPois   +            w - melded +0 helmet
rElec   .            o - melded +2 cloak
rCorr   .            (gloves currently unavailable)
SInv    .            (boots currently unavailable)
Will    +++..        n - amulet "Kack" {Faith Will++ Int+4 Stlth-}
Stlth   +++          (no ring)
HPRegen 0.21/turn    (no ring)
MPRegen 0.19/turn

%: faith
@: dragon-form, flying
A: dragon claw, dragon scales, breathe fire, flying, reduced hp, giant
a: Breathe Fire, Begin Untransformation, Renounce Religion, Channel Magic


You were on level 9 of the Dungeon.
You worshipped Sif Muna.
Sif Muna was pleased with you.
You were a fearsome dragon!
You visited 2 branches of the dungeon, and saw 10 of its levels.

You collected 333 gold pieces.

Inventory:

Hand Weapons
 C - a +0 orcbow
Armour
 a - a +0 robe
 f - a +1 buckler (melded)
 g - a +1 robe of fire resistance (melded)
 o - a +2 cloak (melded)
 w - a +0 helmet (melded)
Magical Staves
 m - a staff of cold
 u - a staff of fire (melded)
Jewellery
 n - the amulet "Kack" (around neck) {Faith Will++ Int+4 Stlth-}
   (You acquired it on level 6 of the Dungeon)

   [amulet of faith]

   Faith:     It allows you to gain divine favour quickly.
   Int+4:     It affects your intelligence (+4).
   Will++:    It greatly increases your willpower.
   Stlth-:    It makes you less stealthy.
Talismans
 r - a dragon-blood talisman (active)
Wands
 k - a wand of flame (22)
 v - a wand of mindburst (11)
 y - a wand of paralysis (21)
Scrolls
 e - 4 scrolls of teleportation
 j - 5 scrolls of identify
 l - 2 scrolls of fog
 s - 4 scrolls of noise {unknown}
 z - a scroll of immolation {unknown}
 A - a scroll of amnesia {unknown}
Potions
 b - a potion of magic
 c - 3 potions of haste {unknown}
 d - a potion of curing {unknown}
 h - 2 potions of heal wounds {unknown}
 i - 3 potions of brilliance {unknown}
 p - 2 potions of enlightenment {unknown}
 q - a potion of might {unknown}
 t - a potion of cancellation {unknown}
 x - a potion of mutation {unknown}
 B - a potion of ambrosia {unknown}


   Skills:
 + Level 8.2 Dodging
 + Level 9.0 Stealth
 + Level 9.0 Spellcasting
 + Level 7.1 Conjurations
 + Level 7.7 Fire Magic
 + Level 4.9 Shapeshifting


You had 9 spell levels left.
You knew the following spells:

 Your Spells              Type           Power      Damage    Failure   Level
a - Foxfire               Conj/Fire      100%       2x1d9     1%          1
b - Scorch                Fire           100%       2d9       1%          2
c - Flame Wave            Conj/Fire      54%        2d13      1%          4
d - Volatile Blastmotes   Fire/Tloc      70%        2d15      2%          3
e - Inner Flame           Hex/Fire       35%        N/A       2%          3
f - Arcjolt               Conj/Air       16%        1d26      26%         5

Your spell library contained the following spells:

 Spells                   Type           Power      Damage    Failure   Level
 Sticky Flame             Fire/Alch      35%        2d7       9%          4
 Frozen Ramparts          Ice            26%        1d4       12%         3
 Leda's Liquefaction      Alch/Erth      6%         N/A       38%         4
 Petrify                  Alch/Erth      13%        N/A       38%         4
 Vhi's Electric Charge    Tloc/Air       26%        N/A       38%         4
 Metabolic Englaciation   Hex/Ice        6%         N/A       75%         5
 Maxwell's Capacitive Co  Air            6%         ∞         100%        8


Dungeon Overview and Level Annotations

Branches:
Dungeon (9/15)             Temple (1/1) D:6            Lair (0/5) D:9
    Orc: D:9-12

Altars:
Ashenzari
Cheibriados
Dithmenos
Elyvilon
Fedhas
Hepliaklqana
Kikubaaqudgha
Makhleb
Nemelex Xobeh
Okawaru
Qazlal
Ru
Sif Muna
Trog
Uskayaw
Vehumet
Wu Jian
Xom
Yredelemnul
Zin
The Shining One

Shops:
D:1 [

Annotations:
D:5 2 runed translucent doors, knightboat's ghost, novice DgIE
D:8 exclusion: downstairs
Temple 2 transporters


Message History

It's broken and can't be closed.
There is a stone staircase leading up here.
You fly upwards.
Level annotation: exclusion: downstairs
There is a stone staircase leading down here.
There is an open door here.
Things that are here:
a +0 ring mail; a +2 spectral quarterstaff; a +0 sling of electrocution
There is a stone staircase leading up here.
You reach down and open the door.
There is an open door here.
There is an open door here.
Things that are here:
a +0 leather armour; a +0 hand axe
There is an open door here.
Things that are here:
a +0 ring mail; a +2 spectral quarterstaff; a +0 sling of electrocution
There is a stone staircase leading down here.
You fly downwards.
There is a stone staircase leading up here.
Things that are here:
a +0 short sword; an orc skeleton You reach down and open the door.
There is an open door here.
You reach down and open the door.
Found a falchion.
There is an open door here.
You reach down and open the door.
There is an open door here.
There is a strange disturbance nearby!
Casting: Scorch (safe; 1% risk of failure)
Confirm with . or Enter, or press ? or * to list all spells.
You can't see any susceptible monsters within range! (Use Z to cast anyway.)
You conjure some foxfire!
Something hits you.
Ouch! That really hurt!
* * * LOW HITPOINT WARNING * * *
Deactivating autopickup; reactivate with Ctrl-A.
Your foxfire dissipates!
The foxfire hits something.
Something hits you.
You die...

############ ##########
#..........###........#
#..........'.#........+
#.......<..#.#........#
'..........#.'........#
#..........###.....)..#
#######'#### ###D######
#...# #.# ###.# #....#
#.# ####.# #.# #
########'###
#..........#
#..........###
#..........'.#


There were no monsters in sight!

Vanquished Creatures
  Joseph (D:8)
  A komodo dragon (D:9)
  Psyche (D:8)
  2 trolls
  A shadow (D:9)
  Sigmund (D:3)
  2 wyverns (D:7)
  A wraith (D:9)
  A water moccasin (D:8)
  An orc warrior (D:9)
  2 ice beasts
  An ogre (D:5)
  6 centaurs
  A phantom (D:6)
  2 kobold brigands
  4 bullfrogs
  A gnoll sergeant (D:9)
  4 scorpions
  3 wights (D:8)
  A jelly (D:8)
  3 killer bees (D:9)
  4 howler monkeys
  2 hounds
  8 orc priests
  A gnoll bouda (D:5)
  A sleepcap (D:6)
  Natasha (thrice) (D:3)
  2 iguanas
  6 orc wizards
  Robin (D:3)
  8 gnolls
  3 river rats (D:5)
  7 adders
  A shadow imp (D:6)
  A white imp (D:6)
  2 ufetubi (D:7)
  2 dart slugs
  2 ribbon worms (D:5)
  33 orcs
  12 endoplasms
  A giant cockroach (D:1)
  15 goblins
  7 hobgoblins
  A jackal (D:4)
  2 quokkas
  5 ball pythons
  7 bats
  2 frilled lizards
  12 kobolds
  6 rats
197 creatures vanquished.

Vanquished Creatures (collateral kills)
  5 foxfires
5 creatures vanquished.

Vanquished Creatures (others)
  832 foxfires
832 creatures vanquished.

Grand Total: 1034 creatures vanquished

Notes
Turn   | Place    | Note
-------+----------+-------------------------------------------
     0 | D:1      | Arctor the Deep Elf Fire Elementalist began the quest for
                  | the Orb.
     0 | D:1      | Reached XP level 1. HP: 10/10 MP: 6/6
   333 | D:1      | Found a faded altar of an unknown god.
   584 | D:1      | Found Onloquky's Antique Armour Shop.
   614 | D:1      | Reached XP level 2. HP: 15/15 MP: 5/8
   660 | D:1      | Learned a level 2 spell: Scorch
  1681 | D:2      | Reached XP level 3. HP: 19/19 MP: 7/9
  2483 | D:3      | Noticed Natasha
  2489 | D:3      | Killed Natasha
  2490 | D:3      | Reached XP level 4. HP: 18/24 MP: 3/11
  2701 | D:3      | Noticed Sigmund
  2715 | D:3      | Killed Sigmund
  2716 | D:3      | Reached XP level 5. HP: 26/28 MP: 4/13
  2946 | D:3      | Noticed Natasha
  2949 | D:3      | Killed Natasha
  3232 | D:3      | Noticed Natasha
  3238 | D:3      | Killed Natasha
  3239 | D:3      | Reached XP level 6. HP: 32/32 MP: 7/14
  3333 | D:3      | Noticed Robin
  3342 | D:3      | Killed Robin
  3806 | D:4      | Found a broken altar of Ashenzari.
  4057 | D:4      | Found a shimmering altar of Xom.
  4572 | D:4      | Reached skill level 5 in Spellcasting
  4767 | D:5      | Entered Level 5 of the Dungeon
  4781 | D:4      | Reached XP level 7. HP: 22/36 MP: 3/16
  4870 | D:5      | Reached skill level 5 in Stealth
  5044 | D:5      | Reached skill level 5 in Fire Magic
  5235 | D:5      | Found a sparkling altar of Nemelex Xobeh.
  5437 | D:4      | Learned a level 4 spell: Flame Wave
  5508 | D:5      | Reached skill level 5 in Dodging
  5708 | D:5      | Found a runed translucent door.
  6002 | D:5      | Found a runed translucent door.
  6053 | D:5      | Noticed knightboat's ghost (novice DgIE)
  6745 | D:6      | Reached XP level 8. HP: 41/41 MP: 15/19
  6782 | D:6      | Reached skill level 1 in Shapeshifting
  6896 | D:6      | Found an iron altar of Okawaru.
  6958 | D:6      | Found a staircase to the Ecumenical Temple.
  6981 | D:6      | Identified a scroll of acquirement
  6983 | D:6      | Acquired the amulet "Kack" {Faith Will++ Int+4 Stlth-}
  6999 | Temple   | Found a transporter.
  6999 | Temple   | Found a transporter.
  6999 | Temple   | Found a transporter.
  6999 | Temple   | Found a transporter.
  6999 | Temple   | Entered the Ecumenical Temple
  7016 | Temple   | Became a worshipper of Sif Muna the Loreminder
  7314 | D:6      | Noticed a troll
  7319 | D:6      | Killed a troll
  7320 | D:6      | Reached skill level 5 in Conjurations
  7782 | D:7      | Reached XP level 9. HP: 30/45 MP: 12/21
  7976 | D:7      | Reached * piety under Sif Muna
  8114 | D:7      | Learned a level 3 spell: Volatile Blastmotes
  8118 | D:7      | Learned a level 3 spell: Inner Flame
  8841 | D:8      | Noticed Joseph
  8850 | D:8      | Killed Joseph
  9012 | D:8      | Noticed Psyche
  9018 | D:8      | Killed Psyche
  9889 | D:8      | Learned a level 5 spell: Arcjolt
  9923 | D:9      | Noticed an elephant
  9928 | D:9      | Noticed a komodo dragon
 10095 | D:9      | Reached XP level 10. HP: 27/50 MP: 4/24
 10159 | D:9      | Reached ** piety under Sif Muna
 10941 | D:9      | Found a staircase to the Lair.
 11245 | D:9      | Slain by an unseen horror

Illustrated notes

Levels and vault maps discovered:
D:1:      heliophobic_arrival_enchanted_forest, layout_basic, serial_shops,
          shop, ebering_ecumenical_altar_petrified
D:2:      layout_loops_ring
D:3:      layout_basic, uniq_sigmund, uniq_natasha, uniq_robin
D:4:      layout_loops_cross, marbit_many_paths, ashenzari_altar_1
D:5:      layout_rooms, nemelex_dance_club_becter, lightli_sewer_entry_pipes,
          ebering_ghost_sewer_f, grunt_decor_junction
D:6:      layout_basic, okawaru_trees_2, minmay_temple_entry_slanted
D:7:      layout_cave_pools
D:8:      layout_gridville, uniq_psyche, uniq_joseph
D:9:      layout_roguey, mainiacjoe_overflow_chevrons,
          grunt_lair_entry_orc_guard_hut, hiddenorc1_lemuel
Temple:   hellmonk_temple_divided_pantheon

Skill      XL: |  1  2  3  4  5  6  7  8  9 10 |
---------------+-------------------------------+-----
Stealth        | 3 4 5 7 8 9 |  9.0
Dodging        | 3 4 5 6 7 8 |  8.2
Conjurations   | 2 3 4 5 6 7 |  7.1
Spellcasting   | 4 5 6 7 8 9 |  9.0
Fire Magic     | 4 5 6 7 |  7.7
Shapeshifting  | 2 4 |  4.9

Action                     |  1- 3 |  4- 6 |  7- 9 | 10-12 || total
---------------------------+-------+-------+-------+-------++-------
  Melee: Unarmed           |    30 |    14 |     2 |       ||    46
         Staff             |       |       |       |     3 ||     3
   Cast: Foxfire           |   114 |   125 |   274 |    26 ||   539
         Scorch            |    11 |    12 |    78 |    30 ||   131
         Volatile Blastmot |       |       |       |     6 ||     6
         Flame Wave        |       |       |       |     4 ||     4
Ability: Breathe Fire      |       |       |       |     1 ||     1
    Use: Scroll            |       |       |     7 |       ||     7
   Stab: Sleeping          |     2 |       |       |       ||     2
 Armour: Robe              |    22 |    20 |    78 |    26 ||   146
         Skin              |       |       |       |     2 ||     2
  Dodge: Dodged            |    27 |    14 |    87 |    29 ||   157
  Block: Buckler           |     3 |     2 |    28 |     5 ||    38
   Form: Dragon            |       |       |       |     1 ||     1
